wizbiz, neutral female human Wizard ----------------------------- ------ |..^..%...)%...%............-- ---.--.--- ---...----------------------...| |........-- |...--- ------ --..| ------ |.........| --- |(--- --.|..--- |.----.|..--- --.----...| --.--- |.--------- |.......| |)--........| --- |..-- --....|------ |...--.--`---- |.......| |...........-- ---.-- |.@..-|..|..-- |....%%......| --.......| ---.-........| |...| ---- -----@----|......| |.-...|......| |.......-- |.).......-- ---.--- --..----....S| --......| |...<---.....-----...--.-- ---......---- |.).|----...(.|....-----|.......| |....| |.......--....---- --...--.....---.----.|..........>| --.--......-- |..-----..........---..| |.........%.....---.............----...|.......| |.-- |....).......| |..---- |....---......................................-- |.| |..[.......--- ---...| ----^.|---..-------....---........-........---- --.----.---......| --..---- |..| |..| ---..| --...............-- |................-- |..^..| ---- ---- |..| |..............--- |..---.-----......| ----..| ---- --.---..----...| ---- --- ---.|.-- ---- --- |..| ----- ----- ---- wizbiz the Thaumaturge Experience level: 9 Strength: 10 Dexterity: 7 Constitution: 11 Intelligence: 18 Wisdom: 13 Charisma: 10 Health: 0(71) Energy: 55(86) Def: 3 Gold: 298 Moves: 9332 Dungeon seed: uU-vEvJC8OOZzgca Game ID: wizbiz_1526275480 Your Inventory: Coins $ - 298 gold pieces Amulets u - an uncursed amulet of ESP (being worn) Weapons A - a blessed +1 quarterstaff (weapon in hands) M - a +0 arrow T - 8 +2 crossbow bolts U - a cursed -1 arrow X - 12 +0 darts Y - 11 blessed +0 arrows Armor e - an uncursed +2 cloak of magic resistance (being worn) n - an uncursed thoroughly rusty +0 orcish helm (being worn) Rings c - an uncursed ring of stealth (on left hand) d - an uncursed ring of slow digestion (on right hand) p - an uncursed ring of cold resistance I - an uncursed ring of teleport control Wands b - a blessed wand of light (0:11) B - a wand of magic missile (0:3) J - a blessed wand of striking (0:5) P - a wand of light (0:11) Q - a wand of nothing (0:7) R - a wand of secret door detection (0:12) V - a wand of locking (0:6) W - a wand of create monster (0:11) Tools a - an uncursed bag of holding t - 5 uncursed wax candles (0:400) E - an uncursed lock pick O - 14 uncursed tallow candles (0:200) S - a blessed tallow candle (0:200) Gems q - an uncursed worthless piece of green glass r - an uncursed worthless piece of white glass y - an uncursed agate stone z - an uncursed worthless piece of yellowish brown glass N - 2 uncursed worthless pieces of black glass Contents of the bag of holding: 1036 gold pieces an uncursed orange 2 uncursed scrolls of amnesia 2 uncursed scrolls of blank paper an uncursed scroll of fire 2 uncursed scrolls of remove curse an uncursed scroll of stinking cloud an uncursed potion of booze an uncursed potion of fruit juice an uncursed potion of full healing a cursed potion of gain ability an uncursed potion of paralysis a blessed potion of speed an uncursed potion of water an uncursed magic whistle an uncursed amethyst stone an uncursed garnet stone an uncursed jasper stone an uncursed touchstone 3 uncursed worthless pieces of black glass 2 uncursed worthless pieces of blue glass 2 uncursed worthless pieces of red glass 4 uncursed worthless pieces of violet glass 2 uncursed worthless pieces of white glass an uncursed worthless piece of yellow glass Spells and supernatural/magical abilities: Name Level Category Fail Memory a - force bolt 1 attack 0% 54% l - light 1 divination 0% 72% o - cone of cold 4 attack 0% 70% p - protection 1 clerical 0% 56% B - cure blindness 2 healing 6% 57% G - detect treasure 4 divination 100% 80% H - haste self 3 escape 80% 54% W - pray for help -- divine ? -- Your skills at the end: Fighting Skills Weapon Skills quarterstaff [Skilled] Spellcasting Skills attack spells [Skilled] enchantment spells [Basic] Final Attributes: You were piously aligned. You were magic-protected. You were blinded. You were telepathic. You were stealthy. You had slower digestion. You are dead. Vanquished creatures: a large mimic a pyrolisk 2 large dogs a dwarf king a mountain centaur an elf mummy a wraith 2 chameleons a quivering blob a lynx 2 giant spiders an ice vortex a vampire bat 3 gnome kings a dingo 2 jaguars a dust vortex a raven a snake 2 apes 2 Woodland-elves a bugbear an imp a rock piercer a fog cloud a yellow light 10 gnome lords a gnomish wizard a gray ooze 2 elf zombies a paper golem 2 baby crocodiles a giant ant a floating eye a kitten 15 dwarves 2 homunculi a kobold lord a kobold shaman 9 hill orcs a rothe 2 giant bats 3 orc zombies a dwarf zombie 2 wererats 2 iguanas 6 killer bees 2 acid blobs 8 hobbits 23 manes a large kobold 3 hobgoblins 2 giant rats 3 cave spiders a yellow mold 50 gnomes 2 garter snakes a gnome zombie 9 geckos 11 jackals 2 kobolds 3 goblins 7 sewer rats 7 grid bugs 5 lichens a kobold zombie 6 newts 246 creatures vanquished. Voluntary challenges: You had been an atheist until turn 4772. You used a wielded weapon 237 times, starting on turn 8. You read items or engraved 51 times, starting on turn 3. You never genocided any monsters. You never polymorphed an object. You never changed form. You used no wishes. You never split a pudding. You never wrote Elbereth's name. You violated your moral code, losing 10 points of alignment, starting on turn 6773. Dungeon overview: The Dungeons of Doom: levels 1 to 11 Level 1 a long staircase Level 2 a scroll shop Level 3 a general store, a sink stairs to The Gnomish Mines Level 4 Level 5 Level 6 many fountains Level 7 stairs to Sokoban Level 8 (vault) a sink Level 9 Level 10 a fountain Level 11 The Gnomish Mines: levels 4 to 11 Level 4 stairs to The Dungeons of Doom Level 5 Level 6 Level 7 many shops, a temple to Anhur, some fountains Level 8 Level 9 Level 10 <- You were here Level 11 Sokoban: Level 6 stairs to The Dungeons of Doom History has recorded: On T:1 you entered the Dungeons of Doom to retrieve the Amulet of Yendor! On T:108 you reached level 2 of The Dungeons of Doom. On T:444 you advanced to experience level 2. On T:608 you advanced to experience level 3. On T:832 you advanced to experience level 4. On T:943 you reached level 3 of The Dungeons of Doom. On T:1375 you reached level 1 of The Gnomish Mines. On T:1417 you advanced to experience level 5. On T:1595 you reached level 4 of The Dungeons of Doom. On T:1841 you reached level 5 of The Dungeons of Doom. On T:1985 you reached level 6 of The Dungeons of Doom. On T:2270 you reached level 7 of The Dungeons of Doom. On T:2353 you reached level 4 of Sokoban. On T:2513 you reached level 8 of The Dungeons of Doom. On T:3319 you advanced to experience level 6. On T:3323 you reached level 2 of The Gnomish Mines. On T:4174 you reached level 3 of The Gnomish Mines. On T:4179 you advanced to experience level 7. On T:4251 you reached level 4 of The Gnomish Mines. On T:5549 you reached level 9 of The Dungeons of Doom. On T:5786 you reached level 10 of The Dungeons of Doom. On T:6022 you advanced to experience level 8. On T:6028 you reached level 11 of The Dungeons of Doom. On T:7521 you reached level 5 of The Gnomish Mines. On T:7717 you reached level 7 of The Gnomish Mines. On T:7727 you reached level 6 of The Gnomish Mines. On T:9054 you advanced to experience level 9. On T:9137 you reached level 8 of The Gnomish Mines. Score breakdown: Gold: 1334 (10631 points) Experience: 9 levels (15756 points) Exploration: 11 levels ( 21.57%) (13416 points) Discoveries: 26 items ( 9.06%) ( 9029 points) Valuables value: (no points given unless you survive) Artifact value: 0 ( 0 points) Variety of kills: 67 monsters ( 17.59%) (12580 points) Turncount: 9332 turns (-2276 points) Survival: died (score multiplied by 80%) Total score: 47308 Latest messages: A Woodland-elf [seen: telepathy] on the floor of a room. The Woodland-elf hits! The snake bites! The spell misses the Woodland-elf. The spell misses the snake. The Woodland-elf hits! You begin praying to Thoth. The Woodland-elf starts to attack you, but pulls back. (3x) You feel that Thoth is well-pleased. The spell misses the Woodland-elf. The Woodland-elf hits! The wand hits the Woodland-elf! The Woodland-elf hits! You die... Final status: Goodbye wizbiz the Wizard, killed by a Woodland-elf... You died in The Gnomish Mines on dungeon level 10 with 47308 points, and 1334 pieces of gold, after 9332 moves. You were level 9 with a maximum of 71 hit points when you died.